[Event "98th Caplin Hastings Masters 2024-25"]
[Site "Hastings"]
[Date "2025.01.03"]
[Round "9.1"]
[White "Gormally, Daniel W"]
[Black "Xue, Haowen"]
[Result "1/2-1/2"]
[ECO "E12"]
[WhiteElo "2424"]
[BlackElo "2502"]
[Annotator "TA"]
[PlyCount "27"]
[EventDate "2024.12.23"]
[EventType "swiss"]
[EventCountry "ENG"]
[SourceTitle "playchess.com"]
[Source "ChessBase"]
[SourceQuality "1"]
[TimeControl "5400+30"]

1. d4 Nf6 2. Nf3 b6 3. c4 Bb7 4. Nc3 e6 5. a3 Ne4 6. Nxe4 Bxe4 7. Bf4 Be7 8. e3 d6 9. Bd3 Bxd3 10. Qxd3 Nd7 11. e4 a5 12. O-O a4 13. Rad1 O-O 14. Rfe1 1/2-1/2

[Event "98th Caplin Hastings Masters 2024-25"]
[Site "Hastings"]
[Date "2025.01.03"]
[Round "9.2"]
[White "Zhang, Pengxiang"]
[Black "Ghazarian, Kirk"]
[Result "1/2-1/2"]
[ECO "B31"]
[WhiteElo "2567"]
[BlackElo "2501"]
[Annotator "TA"]
[PlyCount "121"]
[EventDate "2024.12.23"]
[EventType "swiss"]
[EventCountry "ENG"]
[SourceTitle "playchess.com"]
[Source "ChessBase"]
[SourceQuality "1"]
[TimeControl "5400+30"]

1. e4 c5 2. Nf3 Nc6 3. Nc3 g6 4. Bb5 Bg7 5. O-O Nd4 6. Nxd4 cxd4 7. Ne2 a6 8. Bc4 b5 9. Bb3 Bb7 10. d3 d5 11. c3 dxe4 12. dxe4 Bxe4 13. Nxd4 Nf6 14. a4 O-O 15. axb5 axb5 16. Rxa8 Qxa8 17. f3 Bc6 18. Qe2 b4 19. Qc4 Bd5 20. Qxb4 Rb8 21. Bxd5 Nxd5 22. Qc4 Rc8 23. Qd3 Qa7 24. Kh1 Bxd4 25. cxd4 Qa1 26. Qd1 Qb1 27. Kg1 Nb4 28. h4 Qc2 29. Qxc2 Rxc2 30. Bh6 Rxb2 31. Ra1 Na2 32. Re1 Rb7 33. Ra1 Rb2 34. Re1 Rb7 35. d5 f6 36. Re3 Rb1+ 37. Kh2 Kf7 38. d6 exd6 39. Ra3 Nb4 40. Ra7+ Ke6 41. Rxh7 Nc6 42. Rh8 Rb8 43. Rxb8 Nxb8 44. g4 f5 45. Kg3 fxg4 46. fxg4 Nd7 47. Bg7 Kf7 48. Bc3 Nf8 49. Kf4 Nh7 50. Ke4 Ke6 51. Bg7 Kf7 52. Bh8 Ke6 53. Kf4 Kf7 54. Bc3 Ke6 55. Bb4 Ke7 56. Ba3 Ke6 57. Bb2 Kf7 58. Ke4 Ke6 59. Bh8 Nf8 60. Bg7 Nh7 61. Bc3 1/2-1/2

[Event "98th Caplin Hastings Masters 2024-25"]
[Site "Hastings"]
[Date "2025.01.03"]
[Round "9.3"]
[White "Laurent-Paoli, Pierre"]
[Black "Vestby-Ellingsen, Mads"]
[Result "1-0"]
[ECO "B84"]
[WhiteElo "2559"]
[BlackElo "2383"]
[Annotator "TA"]
[PlyCount "95"]
[EventDate "2024.12.23"]
[EventType "swiss"]
[EventCountry "ENG"]
[SourceTitle "playchess.com"]
[Source "ChessBase"]
[SourceQuality "1"]
[TimeControl "5400+30"]

1. e4 c5 2. Nf3 d6 3. d4 cxd4 4. Nxd4 Nf6 5. Nc3 a6 6. Be2 e6 7. g4 Qc7 (7... b5 $11) 8. g5 $14 Nfd7 9. h4 (9. f4 $16) 9... b5 10. a3 Bb7 11. f4 d5 (11... Nb6 $11 {remains equal.}) 12. exd5 $16 b4 (12... Nb6 $16) 13. axb4 $18 Bxb4 14. Rh3 (14. O-O $18) 14... Bxd5 15. Ra4 (15. Nf5 $1 $16 O-O 16. Nxg7) 15... Qb7 (15... Qb6 $14) 16. Ndb5 $16 Bxc3+ (16... Nc6 17. Rxb4 O-O 18. Nxd5 exd5 19. Qxd5 $18) ({Black should try} 16... axb5 17. Rxb4 Bg2 18. Rxb5 Qc7) 17. Nxc3 Bc6 18. Rd4 O-O 19. Rd6 {[%emt 0:08:28] White is more active.} Nb6 {[%emt 0:20:28] Black is weak on the dark squares} 20. h5 Nc8 21. Rd8 (21. h6 $1 $18 Nxd6 22. Qxd6) 21... Nd7 $14 22. Rxf8+ Nxf8 23. h6 Ne7 24. hxg7 Nfg6 25. Bd3 Bg2 26. Rh2 Bf3 27. Be2 (27. Qd2 $14) 27... Bc6 $36 {[%emt 0:00:34][%cal Oe7f5][%mdl 2048] Black is pushing.} 28. Bd3 (28. Bf1 $11) 28... Bf3 29. Be2 ({White should try} 29. Qd2 $14) 29... Qb6 $11 30. Kf1 {[%emt 0:00:10] Dodges Qg1+} Rd8 {[%emt 0:01:01][%mdl 1024] Black has compensation.} 31. Qe1 {[%emt 0:00:01] Dancing on a razor blade.} Bb7 (31... Bxe2+ $11 32. Rxe2 Kxg7) 32. Bd3 $14 Nf5 {[%emt 0:01:36] Wards off Qe3} 33. Rh3 (33. Ne4 Bxe4 34. Bxe4 Qc7 $18) 33... Qc7 34. Qf2 Kxg7 35. Qh2 Kg8 36. Rxh7 Qa5 $2 {[%emt 0:00:40][%mdl 8192] [#]} (36... Rxd3 $11 37. cxd3 Bf3) 37. Bxf5 $1 $18 Qa1 {[%emt 0:00:07] [#]} 38. Ne2 $2 Rd1+ 39. Kf2 Rh1 $2 (39... exf5 40. Qh6) (39... Rxc1 {keeps fighting.} 40. Nxc1 exf5) 40. Qxh1 Bxh1 41. Bxg6 Bd5 (41... Bf3 $142) 42. Rxf7 ({And not} 42. Bxf7+ Kxh7 43. g6+ Kg7 $11) 42... Bc4 43. Be3 {[%emt 0:00:22] Strongly threatening Rc7.} Qh1 44. Rh7 Qd1 45. Nc3 Qf1+ 46. Kg3 Qe1+ 47. Bf2 Qd2 48. Ne4 1-0

[Event "98th Caplin Hastings Masters 2024-25"]
[Site "Hastings"]
[Date "2025.01.03"]
[Round "9.4"]
[White "Royal, Shreyas"]
[Black "Kaasen, Tor Fredrik"]
[Result "1-0"]
[ECO "D38"]
[WhiteElo "2522"]
[BlackElo "2473"]
[Annotator "TA"]
[PlyCount "93"]
[EventDate "2024.12.23"]
[EventType "swiss"]
[EventCountry "ENG"]
[SourceTitle "playchess.com"]
[Source "ChessBase"]
[SourceQuality "1"]
[TimeControl "5400+30"]

1. d4 Nf6 2. c4 e6 3. Nf3 d5 4. Nc3 Bb4 5. Qa4+ Nc6 6. e3 O-O 7. Qc2 Re8 8. Bd2 Bf8 9. a3 {[%emt 0:02:00] The position is equal.} h6 10. Rd1 a6 11. Bc1 Bd6 12. Be2 dxc4 13. e4 $1 Nd7 (13... Bf8 $1 $14) 14. e5 $1 $16 (14. Bxc4 e5 $11) 14... Bf8 15. Bxc4 {[%emt 0:00:00] White is more active.} Nb6 (15... Ne7 {was called for.} 16. Ba2 c5) 16. Ba2 $18 Ne7 17. h4 h5 $2 (17... f5 {was necessary.} 18. exf6 gxf6) 18. Bg5 {[%emt 0:00:00] Bb1 is the strong threat.} Qd7 19. Bxe7 Bxe7 {[%emt 0:00:00] [#]} 20. Ng5 $1 {[%emt 0:00:00] White threatens Qh7+ and mate.} Bxg5 21. hxg5 Qc6 22. Rxh5 Qxg2 23. Qh7+ (23. Ne4 $142) 23... Kf8 24. Ne2 Qg4 $2 (24... Bd7 25. Qh8+ Ke7 26. Qxg7 Rf8) 25. Ng3 Bd7 26. Qh8+ Ke7 27. Qxg7 {[%emt 0:00:00] [#] Threatening mate with Qf6+.} Rg8 (27... Rf8 $142 28. Rc1 Rac8) 28. Qf6+ Kf8 29. Rd3 Be8 30. Rf3 $2 (30. d5 Nc4 31. dxe6 Qxe6 32. Qxe6 fxe6 33. Rf3+ (33. Bxc4 Bxh5 34. Nxh5 Rxg5 $18) 33... Kg7 34. Bxc4 Bxh5 35. Nxh5+ Kg6 36. Nf4+ Kf5 37. Bxe6+ (37. Nxe6+ Kxe5 38. Nxc7 Raf8 $18) 37... Kxe5 38. Bxg8 Rxg8 39. Nd3+ Kd6 40. Rf6+ Ke7 41. f4) 30... Nd7 31. Qf4 $40 {[%emt 0:00:00][%mdl 128] Black is in trouble.} (31. Qxe6 $2 {is the wrong capture.} Qxf3 32. Qh6+ Ke7 $17) 31... Qxf4 32. Rxf4 Ke7 33. Ne4 Rd8 34. Ke2 Rg7 {[%emt 0:02:16] Black is weak on the dark squares} 35. Ke3 Nb6 (35... Nf8 {was worth a try.} 36. Rf6 Bc6) 36. Rfh4 Bc6 37. Rh7 Rxh7 (37... Rdg8 {is a better defense.} 38. Nf6 Rxg5 39. Nxg8+ Rxg8) 38. Rxh7 {[%emt 0:00:00] aiming for Nf6. White is clearly winning.} Rg8 39. f4 Bxe4 40. Kxe4 {[%emt 0:00:00][%cal Oa2e6][%mdl 4096] Endgame. Black must now prevent Bxe6! KRB-KRN} Nd7 (40... Kf8 $142 41. d5 exd5+ 42. Bxd5 Nxd5 43. Kxd5 Rg6) 41. f5 Nf8 42. f6+ Ke8 43. Rg7 Rh8 44. d5 Rh4+ 45. Kf3 {[%emt 0:00:00] Strongly threatening dxe6.} Rh2 46. dxe6 fxe6 47. g6 {[%emt 0:00:00] White took control after the opening.   Weighted Error Value: White=0.44/Black=0.73.  Mistake:       	White=1     	Black=8      Inaccurate:     	White=2     	Black=5      OK:         	White=12    	Black=7      Best:        	White=3     	---        Strong:       	White=3     	---} 1-0

[Event "98th Caplin Hastings Masters 2024-25"]
[Site "Hastings"]
[Date "2025.01.03"]
[Round "9.5"]
[White "Lux, Hugo de Melo"]
[Black "Seo, Jung Min"]
[Result "1/2-1/2"]
[ECO "B43"]
[WhiteElo "2327"]
[BlackElo "2491"]
[Annotator "TA"]
[PlyCount "113"]
[EventDate "2024.12.23"]
[EventType "swiss"]
[EventCountry "ENG"]
[SourceTitle "playchess.com"]
[Source "ChessBase"]
[SourceQuality "1"]
[TimeControl "5400+30"]

1. e4 c5 2. Nc3 a6 3. Nf3 e6 4. d4 cxd4 5. Nxd4 b5 6. Bd3 Bb7 7. O-O Nc6 8. Nxc6 Bxc6 9. Qe2 Qb8 10. a4 bxa4 11. Nxa4 {[%emt 0:04:18] White is slightly better.} Nf6 12. Be3 (12. Bxa6 Bd6 (12... Bxe4 13. Be3 $11) 13. g3 Bxe4 $15 (13... Nxe4 14. Be3 $11)) 12... Nxe4 13. f3 ({Much weaker is} 13. Bxa6 Bd6 14. g3 h6 $11) (13. Rfe1 $14) 13... Nf6 (13... Bxa4 $11 14. Bxe4 Bb5) 14. Nb6 $14 ({Not} 14. Bxa6 Bd6 15. g3 Nd5 $17) 14... Ra7 15. Bxa6 Bd6 16. Nc4 (16. g3 $1 $11 {remains equal.}) 16... Bxh2+ $17 17. Kh1 {[%emt 0:00:00] [#]} Rxa6 18. Rxa6 {[%emt 0:00:00] [#]} Nh5 {[%emt 0:00:00][%cal Bf6h5,Bh5g3,Bg3f1][%mdl 32] aiming for ...Ng3+.} 19. Qd3 Ng3+ (19... O-O {with more complications.} 20. Rb6 Qg3 21. Bg1 Nf4) 20. Kxh2 Nxf1+ 21. Kg1 Nxe3 22. Qxe3 O-O 23. Rb6 Qc7 (23... Qa7 {simplifies} 24. Qa3 Qxa3 25. Nxa3 Ra8) 24. Qc5 (24. Qe5 $15 Qd8 25. b3) 24... Qg3 (24... Ra8 $17 {White must now prevent ...Qg3.} 25. Qd6 Qxd6 26. Nxd6 Kf8) 25. Qd6 (25. Qe5 $15 {deserves consideration.} Qxe5 26. Nxe5) 25... Qe1+ 26. Kh2 Qh4+ 27. Kg1 h5 (27... Qxc4 $2 {loses.} 28. Rb8 $18) 28. Ne5 Qf4 {[%emt 0:02:00] Strongly threatening ...Qe3+.} 29. Rb8 Rxb8 30. Qxb8+ Kh7 31. Nxc6 {[%emt 0:00:00][%mdl 4096] Endgame.} Qe3+ 32. Kh2 dxc6 $11 {[%emt 0:00:00] KQ-KQ} 33. Qc7 Kg6 34. Qxc6 Qe5+ 35. Kh1 Qxb2 36. Qe4+ Kg5 {[%emt 0:00:00] And now ...Qc1+ would win.} 37. f4+ (37. Qe3+ $11 Kf5 38. Qe4+ Kg5 39. Qe3+ Kg6 40. Qe4+ Kh6 41. Qf4+ Kh7 42. Qxf7) 37... Kf6 $17 38. c4 Qc3 39. Kg1 g5 ({Black should play} 39... h4 $17) 40. fxg5+ $15 Kxg5 {[%emt 0:01:00] Threatens to win with ...Qc1+.} 41. Qc6 $1 h4 42. c5 Qe1+ 43. Kh2 Qg3+ 44. Kh1 h3 45. gxh3 Qxh3+ 46. Kg1 Qe3+ 47. Kh1 Kf6 48. Qc8 Qe1+ 49. Kg2 Qd2+ 50. Kg1 Qd4+ 51. Kf1 {[%emt 0:00:26] White wants to mate with Qh8+.} Qd3+ 52. Kg1 {[%emt 0:02:04] The position is equal.} Ke7 {[%emt 0:01:44] Hoping for ...Qd7.} 53. Qb7+ Kd8 54. Qb8+ Ke7 {[%emt 0:00:00] ...Qd4+ would now be deadly.} 55. Qb7+ Kd8 56. Qb8+ Ke7 57. Qb7+ {[%emt 0:00:00] Weighted Error Value: White=0.18 (very precise) /Black=0.16 (very precise) .  Mistake:       	White=5     	Black=3      Inaccurate:     	White=4     	Black=8      OK:         	White=12    	Black=13     Best:        	White=11    	Black=6      Strong:       	White=1     	---} 1/2-1/2

[Event "98th Caplin Hastings Masters 2024-25"]
[Site "Hastings"]
[Date "2025.01.03"]
[Round "9.6"]
[White "Grutter, Tim"]
[Black "Bazakutsa, Svyatoslav"]
[Result "1/2-1/2"]
[ECO "A07"]
[WhiteElo "2379"]
[BlackElo "2484"]
[Annotator "TA"]
[PlyCount "67"]
[EventDate "2024.12.23"]
[EventType "swiss"]
[EventCountry "ENG"]
[SourceTitle "playchess.com"]
[Source "ChessBase"]
[SourceQuality "1"]
[TimeControl "5400+30"]

1. e4 c6 2. Nf3 d5 3. Nc3 dxe4 4. Nxe4 Nf6 5. Qe2 Bf5 6. d3 e6 7. g3 Nbd7 8. Bg2 Be7 9. O-O O-O 10. a4 a5 11. Nfd2 Nd5 12. Nc4 Qc7 13. b3 b5 14. Ne3 Bxe4 15. dxe4 Nc3 16. Qe1 Bf6 17. Bb2 b4 18. Nd1 Nxd1 $1 {[%emt 0:07:50] Excellent horsemanship.} 19. Bxf6 $1 Nxf6 20. Rxd1 Rad8 21. Qe2 e5 22. Qc4 Qb6 23. Bf3 g6 24. c3 c5 25. Rxd8 Rxd8 26. Rc1 Rd2 27. cxb4 cxb4 28. Qc5 Qe6 29. Qc8+ Qxc8 30. Rxc8+ Kg7 31. Rc5 Rd3 32. Kg2 Nd7 $1 ({Reject} 32... Rxb3 33. Rxe5 Nd7 34. Rxa5 $16) 33. Rxa5 {[%emt 0:01:36] and Rd5 would now be decisive} Rxb3 34. Rd5 1/2-1/2

[Event "98th Caplin Hastings Masters 2024-25"]
[Site "Hastings"]
[Date "2025.01.03"]
[Round "9.7"]
[White "Roux, Baptiste"]
[Black "Gasanov, Eldar"]
[Result "0-1"]
[ECO "C91"]
[WhiteElo "2338"]
[BlackElo "2476"]
[Annotator "TA"]
[PlyCount "102"]
[EventDate "2024.12.23"]
[EventType "swiss"]
[EventCountry "ENG"]
[SourceTitle "playchess.com"]
[Source "ChessBase"]
[SourceQuality "1"]
[TimeControl "5400+30"]

1. e4 e5 2. Nf3 Nc6 3. Bb5 a6 4. Ba4 Nf6 5. O-O Be7 6. Re1 b5 7. Bb3 d6 8. c3 O-O 9. d4 Bg4 10. Be3 Bh5 11. h3 exd4 (11... Nxe4 $2 12. Bd5 $18) 12. cxd4 Na5 (12... Nxe4 $2 13. Bd5 $18) 13. Bc2 {[%emt 0:00:04] The position is equal.} Nc4 14. Bc1 d5 15. e5 Ne4 16. Nc3 Nxc3 17. bxc3 Qd7 18. g4 (18. Qd3 $5 Bg6 $8 19. Qd1 $11) 18... Bg6 {[%emt 0:01:07] Inhibits Bf5.} 19. Nh2 c5 20. f4 {[%emt 0:15:26] Black must now prevent f5.} Bxc2 21. Qxc2 cxd4 22. cxd4 f5 23. exf6 (23. Rb1 $15) 23... Bxf6 $19 24. Nf3 Rae8 $1 25. Rxe8 Rxe8 (25... Qxe8 26. Ne5 $17) 26. a4 (26. Ne5 $17 {was worth a try.} Qa7 27. Bb2) 26... b4 27. Rb1 {[%emt 0:00:16] [#]} a5 28. Ne5 Qa7 29. Qf2 Rf8 {[%emt 0:00:59][%cal Of6h4] Strongly threatening ...Bh4!} 30. Nf3 Qe7 31. Rb3 Qe4 32. f5 h6 {[%emt 0:01:36] Prevents Bg5.} 33. Kh2 Rc8 {[%emt 0:02:34] ...Nd6 is the strong threat.} 34. Kg3 $2 (34. Be3) 34... Nd6 35. Bf4 Rc2 36. Qf1 Qe7 37. h4 {[%emt 0:00:19] [#]} h5 (37... Ne4+ $142 $1 38. Kh3 Kh7 (38... Nf2+ $2 39. Kg3 $19)) 38. Re3 $2 (38. Qa6 Ne4+ 39. Kh3 Nf2+ 40. Kg3 Nxg4 (40... hxg4 $2 41. Ng5 $19) 41. Qe6+ Qxe6 42. fxe6) 38... Ne4+ 39. Kh3 Nf2+ (39... Qb7 $142 40. Rb3 Nf2+ 41. Kg3 hxg4 (41... Nxg4 $2 42. Qe1 $19)) 40. Kg3 Ne4+ (40... Qd7 $142 {Threatens to win with ...Ne4+.} 41. Qb1 Qxa4) 41. Kh3 Qd7 42. Qb5 Nf2+ 43. Kg3 Ne4+ 44. Kh3 Qf7 (44... Nf2+ 45. Kg3 Qxb5 46. axb5 Ne4+ (46... Nxg4 $2 47. Re8+ Kf7 48. b6 $18) (46... hxg4 $2 47. b6 $18) 47. Kh3) (44... Qxb5 $19 45. axb5 Bd8) 45. Ng5 $1 $11 Bxg5 $40 {[%emt 0:04:04][%mdl 128] Black is up to no good.} 46. hxg5 {[%emt 0:00:06] Hoping for g6.} g6 47. Qb8+ Qf8 {[%emt 0:01:03] ...Qxb8 would now be deadly. Some like it hot} 48. Qb6 (48. fxg6 $2 Qxb8 49. Bxb8 Rc3 (49... Nxg5+ $2 50. Kh4 $18) 50. Rxc3 hxg4+ 51. Kxg4 Nxc3 $19) (48. Qe5 $11 {and White is okay.} hxg4+ 49. Kh4 gxf5 (49... Qxf5 50. Qe8+ Kh7 51. Qe7+ Kg8 52. Qe8+ Kh7 53. Rxe4 $11) 50. Qxd5+ Qf7 51. Qd8+ Qf8 52. Qd5+ Qf7 53. Qa8+ Qf8 54. Qd5+ (54. Qxa5 Rc1 $15)) 48... hxg4+ $19 (48... gxf5 49. gxh5 Rc3 50. Rxc3 (50. Qxa5 Rxe3+ 51. Bxe3 Qd6 $11) (50. Qg6+ Qg7 $18) 50... bxc3 51. g6 $18 (51. Qxa5 Nxg5+ 52. Bxg5 Qd6 $18)) 49. Kh4 Qxf5 {[%emt 0:00:28][%cal Oc2h2] ( -> ...Rh2+!)} ({Stronger than} 49... gxf5 50. Qg6+ Qg7 51. Qe8+ Qf8 52. Qg6+ (52. Rxe4 dxe4 53. Qg6+ Qg7 $11) 52... Qg7 53. Qe8+ Qf8 54. Qg6+ $11 (54. Rxe4 fxe4 55. Qg6+ Qg7 $11)) 50. Qd8+ Kf7 {[%emt 0:00:14] And now ...Rc8 would win.} 51. Qxa5 $2 {[%emt 0:01:44] [#]} (51. Be5 $19 Qe6 52. Qxa5) 51... Rh2+ $3 {[%emt 0:00:45][%mdl 512] Weighted Error Value: White=0.63/Black=0.64.  Loses game:     	White=1     	---        Missed win:     	---       	Black=1      Mistake:       	White=4     	Black=1      Inaccurate:     	White=3     	Black=1      OK:         	White=8     	Black=16     Best:        	White=7     	Black=4      Strong:       	White=1     	---        Brilliant:      	---       	Black=1} 0-1

[Event "98th Caplin Hastings Masters 2024-25"]
[Site "Hastings"]
[Date "2025.01.03"]
[Round "9.8"]
[White "Kovchan, Alexander"]
[Black "Waldhausen Gordon, Frederick"]
[Result "1-0"]
[ECO "C84"]
[WhiteElo "2455"]
[BlackElo "2355"]
[Annotator "TA"]
[PlyCount "97"]
[EventDate "2024.12.23"]
[EventType "swiss"]
[EventCountry "ENG"]
[SourceTitle "playchess.com"]
[Source "ChessBase"]
[SourceQuality "1"]
[TimeControl "5400+30"]

1. e4 e5 2. Nf3 Nc6 3. Bb5 a6 4. Ba4 Nf6 5. O-O Be7 6. d3 b5 7. Bb3 d6 8. a4 Bg4 9. c3 O-O 10. h3 Bh5 11. Nbd2 Na5 12. Ba2 c5 13. g4 Bg6 14. Nh4 Nd7 15. Nxg6 hxg6 16. Nf3 c4 17. d4 {[%emt 0:03:15] [#]} d5 18. exd5 $14 e4 19. Ne5 Qc7 ({Black should play} 19... Bd6 $14) 20. Bf4 (20. axb5 $1 $16 {aiming for Nc6.} axb5 21. Bb1) 20... Bd6 $11 21. axb5 axb5 22. Bb1 $36 {[%emt 0:02:57][%mdl 2048] White has the initiative.} f5 $1 23. Nxd7 Qxd7 24. Be5 Qe7 25. f4 (25. Bxd6 {with more complications.} Qxd6 26. Qe2 Nb3 27. Rxa8 Rxa8 28. Bc2) 25... exf3 $1 26. Qxf3 Bxe5 27. dxe5 Qxe5 $2 (27... fxg4 $1 $11 {and Black is okay.} 28. Qxg4 Qa7+ (28... Rxf1+ 29. Kxf1 Qxe5 30. Qe6+ Qxe6 31. dxe6 $16) 29. Qd4 Rxf1+ 30. Kxf1 Rf8+ 31. Kg2 Qf7) 28. gxf5 $18 Ra6 29. Bc2 gxf5 {[%emt 0:01:39] [#]} (29... Raf6 $16) 30. Rae1 $1 (30. Bxf5 Raf6 31. Be6+ (31. Rxa5 $2 Rxf5 $19) 31... Kh7 $11) 30... Rg6+ 31. Kh1 Qg3 {[%emt 0:00:56] [#]} 32. Qxg3 $1 (32. Bxf5 $2 Rxf5 33. Re8+ Kh7 (33... Kf7 34. Qxf5+ Rf6 35. Qe6+ Kg6 36. Rxf6+ gxf6 37. Rg8+ Kh7 38. Qf7+ Kh6 39. Qxf6+ Kh7 40. Rh8#) 34. Qxg3 (34. Qxf5 $2 Qg2#) 34... Rxf1+ 35. Kh2 Rxg3 $19) 32... Rxg3 33. Bxf5 ({Less strong is} 33. Rxf5 Rxh3+ 34. Kg2 Rh6 $16) 33... g6 34. Kh2 Rg5 35. Be6+ Kg7 36. Rxf8 Kxf8 {[%emt 0:00:15][%mdl 4096] Endgame KRB-KRN. White is a pawn up.} 37. d6 Nc6 38. Bd7 Na5 (38... Ne5 $142 39. Rf1+ (39. Bxb5 $2 {perishes.} Nf3+ 40. Kh1 Nxe1 $19) 39... Kg7) 39. Rf1+ $2 (39. Bg4) 39... Kg7 40. Be6 {[%emt 0:01:00] Prevents Rd5.} Re5 $2 (40... Nc6 41. Rf7+ Kh6) 41. d7 Nc6 42. Rf7+ Kh6 43. Bg4 Rd5 44. Rf8 Rd2+ 45. Kg3 Rd3+ 46. Kf4 {[%emt 0:00:49] Intending Rh8+ and mate.} g5+ 47. Ke4 Rd6 48. Rc8 Kg7 {[%emt 0:00:14] [#]} 49. Rxc6 $1 1-0

[Event "98th Caplin Hastings Masters 2024-25"]
[Site "Hastings"]
[Date "2025.01.03"]
[Round "9.9"]
[White "Lucas, Arthur"]
[Black "Stefansson, Vignir Vatnar"]
[Result "0-1"]
[ECO "B07"]
[WhiteElo "2335"]
[BlackElo "2537"]
[Annotator "TA"]
[PlyCount "114"]
[EventDate "2024.12.23"]
[EventType "swiss"]
[EventCountry "ENG"]
[SourceTitle "playchess.com"]
[Source "ChessBase"]
[SourceQuality "1"]
[TimeControl "5400+30"]

1. e4 d6 2. d4 Nf6 3. Bd3 e5 4. Nf3 exd4 5. Nxd4 g6 6. O-O Bg7 7. c3 O-O 8. Bg5 Re8 9. Nd2 Nbd7 10. Bc2 h6 {[%emt 0:00:58] The position is equal.} 11. Bh4 Nc5 (11... c6 $14 {feels stronger.}) 12. f4 $16 Qd7 13. Re1 ({White should play} 13. Bxf6 $1 $16 Bxf6 14. f5) 13... a5 14. e5 dxe5 15. fxe5 Ng4 16. N2f3 Nxe5 (16... Bxe5 $2 17. h3 $18) 17. Bg3 Nc4 18. b4 $2 (18. Rxe8+ $1 $11 Qxe8 19. Qf1 Nxb2 20. Re1) 18... Rxe1+ $1 $19 19. Qxe1 axb4 20. cxb4 {[%emt 0:01:39][%cal Oa1d1] [#]} Ne6 $1 (20... Bxd4+ 21. Nxd4 Qxd4+ 22. Bf2 $17) 21. Nxe6 Qxe6 (21... Bxa1 $19 22. Nc5 Bd4+ 23. Nxd4 Qxd4+ 24. Bf2 Qe5 25. Qxe5 Nxe5) 22. Rc1 Qxe1+ 23. Rxe1 Be6 (23... Rxa2 $2 {too greedy.} 24. Bb3 Ra1 25. Rxa1 (25. Bxc4 Rxe1+ 26. Nxe1 c6 $18) 25... Bxa1 26. Bxc4 $18) 24. Bb3 {[%emt 0:03:29][%cal Oe1e6] [#]} b5 $1 25. Bxc7 Bc3 26. Rc1 Bxb4 27. h3 Re8 28. Bg3 Bd5 29. Bf2 Ne3 {[%emt 0:06:10] Black is more active.} 30. Bxd5 Nxd5 31. Nd4 Ba3 32. Rc6 {[%emt 0:00:36] Black converts the advantage convincingly.} b4 33. Ra6 Bb2 34. Nc6 Bc3 35. Ra7 Re2 36. Rd7 $2 (36. g3 $17 {keeps fighting.}) 36... Nf4 37. Rb7 Nd3 38. Bd4 Bxd4+ ({Worse is} 38... Rxa2 39. Rb8+ Kh7 40. Rh8#) 39. Nxd4 Rxa2 {[%emt 0:00:06][%mdl 4096] Endgame. KRN-KRN} 40. Nc6 Rb2 41. Nd8 Ne5 42. Re7 Rd2 43. Re8+ Kg7 44. Rxe5 Rxd8 {[%emt 0:00:04] KR-KR} ({Weaker is} 44... Rd1+ 45. Kf2 $17) 45. Rb5 Rd4 46. Rb6 h5 47. Kf2 h4 48. Ke3 {[%emt 0:00:21] Repels Rd2} (48. g4 $142 hxg3+ 49. Kxg3) 48... Rc4 49. Kf3 f5 50. Ke3 Kh6 51. Kf3 Kg5 {[%emt 0:00:05] aiming for ...Rc3+.} 52. Kf2 Rc2+ 53. Kf3 Rc3+ (53... Rb2 $142 54. Rc6 Rb3+ 55. Ke2 Kf4) 54. Kf2 b3 55. Kg1 Kf4 {[%emt 0:00:11] Black mates.} 56. Kh2 g5 57. Rb5 Ke4 {[%emt 0:00:05] Weighted Error Value: White=0.49/Black=0.16 (very precise) .  Loses game:     	White=2     	---        Missed win:     	---       	Black=1      Mistake:       	White=2     	Black=1      Inaccurate:     	White=7     	Black=4      OK:         	White=12    	Black=17     Best:        	White=3     	Black=5      Strong:       	---       	Black=2} 0-1

[Event "98th Caplin Hastings Masters 2024-25"]
[Site "Hastings"]
[Date "2025.01.03"]
[Round "9.10"]
[White "Badacsonyi, Stanley"]
[Black "Balaji, Aaravamudhan"]
[Result "1-0"]
[ECO "D31"]
[WhiteElo "2266"]
[BlackElo "2364"]
[Annotator "TA"]
[PlyCount "73"]
[EventDate "2024.12.23"]
[EventType "swiss"]
[EventCountry "ENG"]
[SourceTitle "playchess.com"]
[Source "ChessBase"]
[SourceQuality "1"]
[TimeControl "5400+30"]

1. d4 d5 2. c4 e6 3. Nc3 Be7 4. cxd5 exd5 5. Bf4 c6 6. e3 Bd6 7. Bxd6 Qxd6 8. Bd3 Nf6 9. Nge2 O-O 10. O-O Re8 11. Qc2 a5 12. Na4 Nbd7 {[%emt 0:10:55][%cal Bb8d7,Bd7f8,Bf8e6][%mdl 32] Against Nb6} 13. Rfc1 Ra7 (13... Ng4 {is interesting.} 14. Ng3 g6 15. Nf1 Re6) 14. Rab1 Nf8 15. Ng3 Ne6 16. Nb6 Qb4 17. Nxc8 Rxc8 18. Ne2 g6 19. Nc3 Raa8 20. Na4 Nd7 21. Nc3 b5 22. a4 bxa4 23. Qxa4 (23. Nxa4 c5 24. dxc5 Ndxc5 $15) 23... Nb6 24. Qd1 Qe7 25. Ra1 c5 26. dxc5 Rxc5 27. Qb3 Qc7 28. Rd1 Rb8 29. Qa2 Qe5 30. Bf1 Kg7 31. Rd2 Rd8 32. Rad1 d4 $1 33. exd4 Rxd4 34. Re2 Qf5 {[%emt 0:01:13] ...Rxd1 is the strong threat.} 35. Qa1 {[%emt 0:03:21][%cal Ob2b4] Threatens to win with b4!.} ({Avoid the trap} 35. Rxe6 $2 Rxd1 $19) 35... Rb4 $2 {[%emt 0:00:43] [#]} (35... Rxd1 $11 {and Black stays safe.} 36. Qxd1 Rc7) 36. Na2 $1 $18 Rf4 $2 (36... Nd4) 37. b4+ 1-0